 Dungeon Crawl Stone Soup version 0.21.0-3-g78d12a8bdd (webtiles) character file.

51 Esekla the Ducker (level 3, -2/20 HPs)
             Began as a Tengu Arcane Marksman on Jan 15, 2018.
             Slain by an adder (4 damage)
             ... on level 2 of the Dungeon.
             The game lasted 00:06:51 (520 turns).

Esekla the Ducker (Tengu Arcane Marksman)            Turns: 520, Time: 00:06:52

Health: -2/20      AC:  2    Str: 10    XL:     3   Next: 81%
Magic:  5/5        EV: 14    Int: 13    God:
Gold:   82         SH:  0    Dex: 15    Spells: 3/4 levels left

rFire    + . .     SeeInvis .   g - -1 short sword (curse)
rCold    x . .     Gourm    .   (no shield)
rNeg     . . .     Faith    .   a - +0 robe
rPois    +         Spirit   .   (helmet restricted)
rElec    .         Reflect  .   (no cloak)
rCorr    .         Harm     .   (no gloves)
MR       .....                  (boots unavailable)
Stlth    +.........             (no amulet)
HPRegen  0.06/turn              m - ring of poison resistance
MPRegen  0.09/turn              j - ring of fire

@: lethally poisoned (-2 -> -5)
A: beak, talons 3
a: no special abilities


You were on level 2 of the Dungeon.
You were not hungry.

You visited 1 branch of the dungeon, and saw 2 of its levels.

You collected 82 gold pieces.

Inventory:

Hand Weapons
 e - a +0 dagger of protection
 g - a cursed -1 short sword (weapon)
Missiles
 c - 5 javelins (quivered)
 d - 2 throwing nets
Armour
 a - a +0 robe (worn)
Jewellery
 j - a ring of fire (right hand)
 m - a ring of poison resistance (left hand)
Potions
 i - a potion of heal wounds {unknown}
 o - a potion of haste {unknown}
Books
 b - a book of Debilitation

   Spells                             Type                      Level
   a - Corona                         Hexes                        1
   b - Slow                           Hexes                        2
   c - Inner Flame                    Hexes/Fire                   3
   d - Portal Projectile              Hexes/Translocation          3
   e - Cause Fear                     Hexes                        4
   f - Leda's Liquefaction            Hexes/Earth                  4
Comestibles
 f - 2 rations


   Skills:
 + Level 1.1 Fighting
 * Level 2.1 Short Blades
 - Level 2.0 Throwing
 + Level 3.5 Dodging
 + Level 0.2 Stealth
 - Level 1.0 Spellcasting
 - Level 2.1 Hexes


You had 3 spell levels left.
You knew the following spells:

 Your Spells              Type           Power        Failure   Level  Hunger
a - Corona                Hex            #......      12%         1    ##.....


Dungeon Overview and Level Annotations

Branches:
Dungeon (2/15)

Altars:


Innate Abilities, Weirdness & Mutations

You have a beak for a mouth.
You have claws for feet.


Message History

An adder and a kobold come into view.
The adder hisses angrily.
The kobold shouts!
The kobold throws a stone.
The stone barely misses you.
Found 17 gold pieces and a scroll labeled WUJOED KIEFEL.
Found a stone staircase leading up.
There is a stone staircase leading up here.
You puncture the kobold!
You kill the kobold!
You puncture the adder! Your kick misses the adder.
The adder is severely wounded.
The adder bites you.
* * * LOW HITPOINT WARNING * * *
You are lethally poisoned!
The adder poisons you! The adder bites you but does no damage.
You miss the adder.
The adder is severely wounded.
You feel a little less mighty now.
* * * LOW HITPOINT WARNING * * *
You feel sick. The adder bites you.
You die...

..# . ..# ..
..## #.. ... ##
# ..#.. .###.##
...#.....?#
##..##........#
.......@S......
...............
.........$.....
.......<.......
...............
...............
.........#####.
.........#


You could see an adder.

Vanquished Creatures
  2 adders (D:2)
  2 dart slugs (D:1)
  A leopard gecko (D:1)
  7 bats
  A giant cockroach (D:1)
  A goblin (D:1)
  2 hobgoblins (D:1)
  2 jackals (D:1)
  5 kobolds
  2 frilled lizards (D:1)
  5 rats (D:1)
30 creatures vanquished.

Notes
Turn   | Place    | Note
-------+----------+-------------------------------------------
     0 | D:1      | Esekla the Tengu Arcane Marksman began the quest for the Orb.
     0 | D:1      | Reached XP level 1. HP: 12/12 MP: 3/3
    69 | D:1      | Reached XP level 2. HP: 11/16 MP: 4/4
    91 | D:1      | Reached skill level 1 in Short Blades
   170 | D:1      | Reached skill level 3 in Dodging
   237 | D:1      | Reached XP level 3. HP: 11/20 MP: 5/5
   520 | D:2      | Slain by an adder

Skill      XL: |  1  2  3 |
---------------+----------+-----
Short Blades   | 1 2 |  2.1
Dodging        | 3 |  3.5
Fighting       | |  1.1
Throwing       | |  2.0
Stealth        | |  0.2
Spellcasting   | |  1.0
Hexes          | |  2.1

Action                   || total
-------------------------++-------
Melee: Dagger            ||   106
       Kick              ||    19
       Peck              ||     6
       Short sword       ||     3
Throw: Javelin           ||     2
  Use: Scroll            ||     3
       Potion            ||     1
 Stab: Sleeping          ||     1
Armor: Robe              ||    48
Dodge: Dodged            ||   110
